 Dungeon Crawl Stone Soup version 0.28-a0-537-g3bccd9ccbf (webtiles) character file.

Game seed: 14221493784265746018

0 meatgazer the Skirmisher (level 1, -2/18 HPs)
             Began as a Demonspawn Abyssal Knight on Sept 27, 2021.
             Was a Follower of Lugonu.
             Slain by a small abomination (9 damage)
             ... on level 1 of the Abyss.
             The game lasted 00:00:16 (93 turns).

meatgazer the Skirmisher (Demonspawn Abyssal Knight)  Turns: 93, Time: 00:00:16

Health: -2/18      AC:  3    Str: 13    XL:     1   Next: 0%
Magic:  2/2        EV: 11    Int: 11    God:    Lugonu [*.....]
Gold:   11         SH:  0    Dex: 13    Spells: 0/0 levels left

rFire   . . .      SeeInvis .   a - +1 spear
rCold   . . .      Faith    .   (no shield)
rNeg    . . .      Spirit   .   b - +0 leather armour
rPois   .          Reflect  .   (no helmet)
rElec   .          Harm     .   (no cloak)
rCorr   .          Rampage  .   (no gloves)
Will    .....                   (no boots)
Stlth   +.........              (no amulet)
HPRegen 0.06/turn               (no ring)
MPRegen 0.08/turn               (no ring)

@: no status effects
A: no striking features
a: Renounce Religion, Depart the Abyss


You were on level 1 of the Abyss.
You worshipped Lugonu.
Lugonu was aware of your devotion.
You visited 0 branches of the dungeon, and saw 0 of its levels.
You visited the Abyss 1 time.

You collected 11 gold pieces.

Inventory:

Hand Weapons
 a - a +1 spear (weapon)
Armour
 b - a +0 leather armour (worn)
Jewellery
 c - a ring of positive energy


   Skills:
 + Level 3.0 Fighting
 + Level 1.7 Polearms
 + Level 1.7 Armour
 + Level 0.8 Dodging
 + Level 2.4 Invocations


You couldn't memorise any spells.
You didn't know any spells.
Your spell library contained the following spells:

 Spells                   Type           Power      Damage    Failure   Level
 Gell's Gravitas          Tloc           0%         N/A       80%         3
 Lesser Beckoning         Tloc           0%         N/A       80%         3
 Teleport Other           Tloc           0%         N/A       80%         3


Dungeon Overview and Level Annotations

Branches:
Dungeon (0/15)

Altars:


Message History

Welcome, meatgazer the Demonspawn Abyssal Knight.
It is said that the Orb of Zot exists deep within this dungeon.
Lugonu says: Depart the Abyss and spread corruption, my servant! (use the ability menu to exit the Abyss) Press ? for a list of commands and other information.
Found 11 gold pieces.
Found a corrupted altar of Lugonu.
You now have 11 gold pieces.
Found a hunting sling.
You pick up a book of Displacement and begin reading...
You add the spells Lesser Beckoning, Gell's Gravitas and Teleport Other to your library.
Found a gateway leading out of the Abyss.
Found 14 stones.
c - a ring of positive energy A small abomination comes into view.
You see here 14 stones.
The small abomination barely misses you.
The small abomination completely misses you.
A large abomination comes into view.
The small abomination hits you!
Ouch! That really hurt!
The small abomination completely misses you.
You hit the small abomination but do no damage.
The small abomination hits you!
Ouch! That really hurt!
You die...

. .#.#.#. ## ...#.#
. ........(.#..# ##
##....###...#. # .
.#.#..###..#.# ..##
. ..#.#.... # #
....###..## .
##.#..#.....##
#....#.#.#.#.#####
#. # ..
##.##.#.x@..#....
#.##.#.#......#..#.
. #.
.#....#...#...... #
# #....##..#...X....
##.#.###.#.#....##..
# ....#..#.....# ..
#. #......... . .#
..# ....... ... # .#
.... ...


You could see a large abomination and a small abomination.

Vanquished Creatures (others)
  A demonic plant (Abyss:1)
1 creature vanquished.

Notes
Turn   | Place    | Note
-------+----------+-------------------------------------------
     0 | Abyss:1  | meatgazer the Demonspawn Abyssal Knight began the quest for
                  | the Orb.
     0 | Abyss:1  | Reached XP level 1. HP: 18/18 MP: 2/2
    79 | Abyss:1  | Noticed a small abomination
    90 | Abyss:1  | Noticed a large abomination
    93 | Abyss:1  | Slain by a small abomination

Illustrated notes

Levels and vault maps discovered:
Abyss:1:  base: Temple, base: Temple, evilmike_abyss_exit_10,
          evilmike_abyss_exit_plants

Action                   || total
-------------------------++-------
Melee: Spear             ||     1
Dodge: Dodged            ||     3

Table legend: (Time is in decaauts)
 A = Elapsed time spent in this place.
 B = Non-inter-level travel time spent in this place.
 C = Inter-level travel time spent in this place.
 D = Time resting spent in this place.
 E = Time spent auto-exploring this place.
 F = Levels seen in this place.
 G = Mean time per level.
                   A        B        C        D        E       F      G
               +--------+--------+--------+--------+--------+-----+--------+
         Total |     93 |     93 |      0 |      0 |     74 |   1 |   93.0 |
         Abyss |     93 |     93 |      0 |      0 |     74 |   1 |   93.0 |
               +--------+--------+--------+--------+--------+-----+--------+

Top non-repeatable levels by time:
 Abyss:1: 93 daAuts
